 Dungeon Crawl Stone Soup version 0.27-a0-1595-g0b823d0a13 (webtiles) character file.

Game seed: 6329975537598221294

375 gruber the Quickloader (level 6, -5/51 HPs)
             Began as a Gnoll Hunter on July 21, 2021.
             Was an Initiate of Vehumet.
             Succumbed to Edmund's poison
             ... on level 4 of the Dungeon.
             The game lasted 00:08:27 (4860 turns).

gruber the Quickloader (Gnoll Hunter)               Turns: 4860, Time: 00:08:28

Health: -5/51      AC:  8    Str: 11    XL:     6   Next: 72%
Magic:  9/9        EV: 12    Int: 12    God:    Vehumet [......]
Gold:   146        SH:  0    Dex: 13    Spells: 9/9 levels left

rFire    . . .     SeeInvis .   j - +1 dagger (drain)
rCold    . . .     Faith    .   (no shield)
rNeg     . . .     Spirit   .   i - +0 ring mail
rPois    .         Reflect  .   n - +2 helmet
rElec    .         Harm     .   (no cloak)
rCorr    .         Rampage  .   (no gloves)
Will     .....                  (no boots)
Stlth    ++........             (no amulet)
HPRegen  0.17/turn              (no ring)
MPRegen  0.11/turn              (no ring)

@: lethally poisoned (-5 -> -36)
A: fangs 1, strong nose, distributed training
a: Renounce Religion


You were on level 4 of the Dungeon.
You worshipped Vehumet.
Vehumet was noncommittal.
You visited 2 branches of the dungeon, and saw 5 of its levels.

You collected 146 gold pieces.

Inventory:

Hand Weapons
 a - a +1 hand crossbow
 c - a +0 spear
 j - a +1 dagger of draining (weapon)
Missiles
 d - 50 bolts
 m - 16 poisoned darts (quivered)
 s - 7 javelins
Armour
 i - a +0 ring mail (worn)
 n - a +2 helmet (worn)
Jewellery
 r - a ring of protection from cold
Wands
 p - a wand of flame (2)
Scrolls
 f - 2 scrolls of amnesia {unknown}
 g - a scroll of brand weapon {unknown}
 h - 6 scrolls of identify {unknown}
 k - 3 scrolls of torment {unknown}
 q - 3 scrolls of immolation {unknown}
 u - a scroll of fear {unknown}
Potions
 b - 3 potions of lignification {unknown}
 e - a potion of mutation {unknown}
 l - a potion of might {unknown}
 o - 3 potions of brilliance {unknown}
 t - a potion of ambrosia {unknown}


   Skills:
 + Level 5.0 Fighting
 + Level 2.1 Short Blades
 + Level 2.1 Long Blades
 + Level 2.1 Axes
 + Level 2.1 Maces & Flails
 + Level 2.1 Polearms
 + Level 2.1 Staves
 + Level 2.1 Slings
 + Level 2.1 Bows
 + Level 8.8 Crossbows
 + Level 2.1 Throwing
 + Level 2.1 Armour
 + Level 5.0 Dodging
 + Level 3.1 Stealth
 + Level 2.1 Shields
 + Level 2.1 Unarmed Combat
 + Level 2.1 Spellcasting
 + Level 1.6 Conjurations
 + Level 1.6 Hexes
 + Level 1.6 Summonings
 + Level 1.6 Necromancy
 + Level 1.6 Translocations
 + Level 1.6 Transmutations
 + Level 1.6 Fire Magic
 + Level 1.6 Ice Magic
 + Level 1.6 Air Magic
 + Level 1.6 Earth Magic
 + Level 1.6 Poison Magic
 + Level 2.3 Invocations
 + Level 2.1 Evocations


You had 9 spell levels left.
You didn't know any spells.
Your spell library was empty.

Dungeon Overview and Level Annotations

Branches:
Dungeon (4/15)             Temple (1/1) D:4

Altars:
Ashenzari
Dithmenos
Elyvilon
Fedhas
Gozag
Hepliaklqana
Kikubaaqudgha
Makhleb
Nemelex Xobeh
Okawaru
Qazlal
Ru
Sif Muna
Trog
Uskayaw
Vehumet
Wu Jian
Xom
Yredelemnul
Zin
The Shining One

Annotations:
D:2 Sigmund
D:4 Edmund


Innate Abilities, Weirdness & Mutations

You have very sharp teeth.
Your uncanny sense of smell can sniff out nearby items.
Your experience applies equally to all skills.


Message History

Reactivating autopickup.
Things that are here:
a +0 dagger; 4 boomerangs; a +0 leather armour Edmund clears his throat.
There's nothing to close nearby.
Okay, then.
Throw: 17 darts (poison)
Press: ? - help, Q - select action, (/) - cycle Shift-Dir - straight line, f/p - Edmund
Aim: Edmund, wielding a +4 dire flail of venom and wearing a +0 leather armour (moderately wounded, 60% to hit)
You throw a poisoned dart.
The poisoned dart closely misses Edmund.
You closely miss Edmund.
Edmund is moderately wounded.
Edmund hits you with a +4 dire flail of venom!
You are poisoned.
You barely miss Edmund.
Edmund is moderately wounded.
You feel very sick.
Edmund hits you with a +4 dire flail of venom.
You are more poisoned.
You hit Edmund. You drain Edmund.
Edmund is heavily wounded.
You feel very sick.
You barely miss Edmund.
Edmund is heavily wounded.
You feel very sick.
Edmund hits you with a +4 dire flail of venom.
You are lethally poisoned!
You hit Edmund but do no damage. You drain Edmund.
You bite Edmund, but do no damage.
Edmund is heavily wounded.
You feel very sick.
Edmund hits you with a +4 dire flail of venom!
* * * LOW HITPOINT WARNING * * *
You are more poisoned.
* * * LOW HITPOINT WARNING * * *
You feel extremely sick.
Things that are here:
a +0 dagger; a kobold skeleton You die...

## #........#.##...........# #
#...##...#....##...###### #
∆#.................## #.. ###
#<.#..#####.##..### #.# #.###
#....## #....## #.# ..#.###
#.....# #.######### #.#
.#..#.#+#.##..# #.#.......###.#
##.#..#.#.##..#####.#.##.........
∆###.#.(...)..@)@........##.###..
###..#.....###.#.#.#####.# ###
#########.###.# #.###.......#
#..#....#.....# #.###########
#..#......###.# #..# ...##.###.#
#.# ##.# ##.##.# #.# #.# #.#
##.##.###.###.# #.#
..............# #.#


You could see Edmund (drained).

Vanquished Creatures
  An ogre (D:3)
  An iguana (D:4)
  An orc wizard (D:2)
  Natasha (thrice) (D:3)
  A hound skeleton (D:4)
  Robin (D:2)
  3 adders (D:3)
  2 worms
  2 dart slugs
  4 orcs
  3 ball pythons
  5 endoplasms
  7 giant cockroaches
  11 hobgoblins
  15 jackals
  4 quokkas
  7 bats
  5 frilled lizards
  11 goblins
  6 kobolds
  7 rats
100 creatures vanquished.

Notes
Turn   | Place    | Note
-------+----------+-------------------------------------------
     0 | D:1      | gruber the Gnoll Hunter began the quest for the Orb.
     0 | D:1      | Reached XP level 1. HP: 20/20 MP: 1/1
   199 | D:1      | Reached XP level 2. HP: 20/26 MP: 2/2
   535 | D:1      | You fall into a shaft and drop 1 floor!
   551 | D:3      | Reached XP level 3. HP: 26/31 MP: 3/3
   694 | D:2      | Noticed Robin
   957 | D:3      | Reached skill level 1 in Invocations
  1411 | D:1      | Reached skill level 1 in Short Blades
  1411 | D:1      | Reached skill level 1 in Long Blades
  1411 | D:1      | Reached skill level 1 in Axes
  1411 | D:1      | Reached skill level 1 in Maces & Flails
  1411 | D:1      | Reached skill level 1 in Polearms
  1411 | D:1      | Reached skill level 1 in Staves
  1411 | D:1      | Reached skill level 1 in Slings
  1411 | D:1      | Reached skill level 1 in Bows
  1411 | D:1      | Reached skill level 1 in Throwing
  1411 | D:1      | Reached skill level 1 in Armour
  1411 | D:1      | Reached skill level 1 in Shields
  1411 | D:1      | Reached skill level 1 in Unarmed Combat
  1411 | D:1      | Reached skill level 1 in Spellcasting
  1411 | D:1      | Reached skill level 1 in Evocations
  1574 | D:1      | Reached XP level 4. HP: 38/38 MP: 5/5
  2088 | D:2      | Noticed Sigmund
  2395 | D:2      | Killed Robin
  2413 | D:2      | Reached skill level 1 in Conjurations
  2413 | D:2      | Reached skill level 1 in Hexes
  2413 | D:2      | Reached skill level 1 in Summonings
  2413 | D:2      | Reached skill level 1 in Necromancy
  2413 | D:2      | Reached skill level 1 in Translocations
  2413 | D:2      | Reached skill level 1 in Transmutations
  2413 | D:2      | Reached skill level 1 in Fire Magic
  2413 | D:2      | Reached skill level 1 in Ice Magic
  2413 | D:2      | Reached skill level 1 in Air Magic
  2413 | D:2      | Reached skill level 1 in Earth Magic
  2413 | D:2      | Reached skill level 1 in Poison Magic
  2669 | D:2      | Reached XP level 5. HP: 6/43 MP: 6/6
  3263 | D:3      | Noticed an ogre
  3294 | D:3      | Killed an ogre
  3295 | D:3      | Reached XP level 6. HP: 50/50 MP: 8/8
  3496 | D:3      | Noticed Natasha
  3508 | D:3      | Killed Natasha
  3690 | D:3      | Noticed Natasha
  3703 | D:3      | Killed Natasha
  3704 | D:3      | Reached skill level 5 in Fighting
  3704 | D:3      | Reached skill level 5 in Dodging
  3713 | D:3      | Noticed Natasha
  3723 | D:3      | Killed Natasha
  4113 | D:4      | Found a staircase to the Ecumenical Temple.
  4157 | Temple   | Entered the Ecumenical Temple
  4447 | Temple   | Became a worshipper of Vehumet
  4798 | D:4      | Noticed Edmund
  4859 | D:4      | HP: 2/51 [poisoned by Edmund]
  4860 | D:4      | Succumbed to Edmund's poison

Illustrated notes

Levels and vault maps discovered:
D:1:      evilmike_arrival_crescent, layout_loops_ring
D:2:      layout_rooms, uniq_sigmund, uniq_robin
D:3:      layout_rooms, uniq_natasha
D:4:      minmay_razor_zed, layout_loops_cross, minmay_temple_entry_ruins,
          uniq_edmund, uniq_eustachio
Temple:   roderic_octagonal_lattice_temple

Skill      XL: |  1  2  3  4  5  6 |
---------------+-------------------+-----
Invocations    | 1 2 |  2.3
Short Blades   | 1 2 |  2.1
Long Blades    | 1 2 |  2.1
Axes           | 1 2 |  2.1
Maces & Flails | 1 2 |  2.1
Polearms       | 1 2 |  2.1
Staves         | 1 2 |  2.1
Slings         | 1 2 |  2.1
Bows           | 1 2 |  2.1
Throwing       | 1 2 |  2.1
Armour         | 1 2 |  2.1
Shields        | 1 2 |  2.1
Unarmed Combat | 1 2 |  2.1
Spellcasting   | 1 2 |  2.1
Evocations     | 1 2 |  2.1
Conjurations   | 1 |  1.6
Hexes          | 1 |  1.6
Summonings     | 1 |  1.6
Necromancy     | 1 |  1.6
Translocations | 1 |  1.6
Transmutations | 1 |  1.6
Fire Magic     | 1 |  1.6
Ice Magic      | 1 |  1.6
Air Magic      | 1 |  1.6
Earth Magic    | 1 |  1.6
Poison Magic   | 1 |  1.6
Stealth        | 3 |  3.1
Fighting       | 5 |  5.0
Dodging        | 5 |  5.0
Crossbows      | |  8.8

Action                   |  1- 3 |  4- 6 || total
-------------------------+-------+-------++-------
Melee: Short sword       |    37 |       ||    37
       Bite              |     9 |    18 ||    27
       Spear             |   156 |    27 ||   183
       Dagger            |       |   195 ||   195
       Punch             |       |     1 ||     1
 Fire: Hand crossbow     |     6 |       ||     6
Throw: Dart              |       |    38 ||    38
 Stab: Sleeping          |     4 |     2 ||     6
Armor: Leather armour    |    13 |       ||    13
       Ring mail         |    96 |    75 ||   171
Dodge: Dodged            |   168 |   110 ||   278

Table legend: (Time is in decaauts)
 A = Elapsed time spent in this place.
 B = Non-inter-level travel time spent in this place.
 C = Inter-level travel time spent in this place.
 D = Time resting spent in this place.
 E = Time spent auto-exploring this place.
 F = Levels seen in this place.
 G = Mean time per level.
                   A        B        C        D        E       F      G
               +--------+--------+--------+--------+--------+-----+--------+
         Total |   4864 |   4549 |    315 |    598 |   2959 |   5 |  972.8 |
       Dungeon |   4558 |   4280 |    278 |    598 |   2692 |   4 | 1139.5 |
        Temple |    305 |    268 |     37 |      0 |    267 |   1 |  305.0 |
               +--------+--------+--------+--------+--------+-----+--------+

Top non-repeatable levels by time:
     D:1: 1480 daAuts
     D:2: 1245 daAuts
     D:3: 1224 daAuts
     D:4: 609 daAuts
  Temple: 305 daAuts
